 Dungeon Crawl Stone Soup version 0.29.1-4-g47bece8355 (webtiles) character file.

Game seed: 9666253120076076632

23 croobank the Caller (level 3, -8/22 HPs)
             Began as an Octopode Summoner on Dec 6, 2022.
             Mangled by Sigmund
             ... wielding a +1 scythe of flaming
              (11 damage)
             ... on level 2 of the Dungeon.
             The game lasted 00:02:55 (782 turns).

croobank the Caller (Octopode Summoner)              Turns: 782, Time: 00:02:55

Health: -8/22      AC:  1    Str:  7    XL:     3   Next: 0%
Magic:  6/6        EV: 13    Int: 19    God:
Gold:   102        SH:  0    Dex: 12    Spells: 0/6 levels left

rFire   . . .      SeeInvis .   (no weapon)
rCold   . . .      Faith    .   (no shield)
rNeg    . . .      Spirit   .   (helmet restricted)
rPois   .          Reflect  .   (no amulet)
rElec   .          Harm     .   (no ring)
rCorr   .          Rampage  .   (no ring)
Will    .....                   (no ring)
Stlth   ++........              (no ring)
HPRegen 0.07/turn               (no ring)
MPRegen 0.10/turn               (no ring)
                                (no ring)
                                (no ring)

@: confused, attractive
A: almost no armour, amphibious, 8 rings, camouflage 1, gelatinous body 1,
(nimble swimmer 1), tentacles
a: no special abilities


You were on level 2 of the Dungeon.
You visited 1 branch of the dungeon, and saw 2 of its levels.

You collected 102 gold pieces.

Inventory:

Scrolls
 c - a scroll of enchant armour {unknown}
 d - a scroll of noise {unknown}
 e - a scroll of identify {unknown}
Potions
 a - a potion of magic


   Skills:
 + Level 0.3 Fighting
 + Level 2.3 Dodging
 + Level 3.1 Stealth
 + Level 0.4 Unarmed Combat
 + Level 2.2 Spellcasting
 + Level 4.1 Summonings


You couldn't memorise any spells.
You knew the following spells:

 Your Spells              Type           Power      Damage    Failure   Level
a - Summon Small Mammal   Summ           68%        N/A       3%          1
b - Call Imp              Summ           17%        N/A       4%          2
c - Call Canine Familiar  Summ           17%        N/A       9%          3

Your spell library contained the following spells:

 Spells                   Type           Power      Damage    Failure   Level
 Summon Guardian Golem    Hex/Summ       10%        N/A       22%         3
 Summon Lightning Spire   Summ/Air       10%        N/A       56%         4


Dungeon Overview and Level Annotations

Branches:
Dungeon (2/15)

Altars:

Annotations:
D:2 Sigmund


Innate Abilities, Weirdness & Mutations

You cannot wear most types of armour.
You are amphibious.
You can wear up to eight rings at the same time.
Your skin changes colour to match your surroundings (Stealth+).
Your rubbery body absorbs attacks. (AC +1, EV +1)
((You are camouflaged when in or above water. (Stealth+)))
You have tentacles for arms and can constrict up to eight enemies at once.


Message History

You finish memorising.
Spell assigned to 'c'.
Sigmund and a rat come into view.
Sigmund is wielding a +1 scythe of flaming.
Sigmund shouts!
Sigmund casts a spell at you.
You are confused.
It was a potion of attraction.
You feel attractive to monsters. Sigmund casts a spell at you.
You are more confused.
Sigmund is attracted toward you. The rat is attracted toward you.
You're too confused to cast spells.
Unknown command.
Sigmund is attracted toward you. The rat is attracted toward you.
You completely miss Sigmund.
Sigmund hits you with a +1 scythe of flaming!
Sigmund burns you. The rat closely misses you.
You miss Sigmund.
Sigmund points at you and mumbles some strange words.
The magic dart hits you.
You bump into the rock wall.
The rat barely misses you. Sigmund gestures at you while chanting.
You resist with significant effort.
You barely miss Sigmund. The rat barely misses you.
Sigmund mumbles some strange words.
Sigmund flickers and vanishes!
Deactivating autopickup; reactivate with Ctrl-A.
You bump into the rock wall.
The rat completely misses you. Something hits you but does no damage.
You completely miss something. The rat barely misses you.
You miss something. Your squeeze misses something. The rat bites you.
* * * LOW HITPOINT WARNING * * *
You hear some strange, mumbled words.
A magic dart appears from out of thin air!
The magic dart hits you.
* * * LOW HITPOINT WARNING * * *
You miss something. Your squeeze misses something. The rat barely misses you.
Something hits you!
Ouch! That really hurt!
You die...

..
#####..
....ยง
..#.[
#.#.#
#.#.#
####r#.#
#..@{.<#
#.#..#.#
# #.##.#
#....#
######


You could see a rat.

Vanquished Creatures
  A dart slug (D:1)
  A goblin (D:1)
  A hobgoblin (D:1)
  3 kobolds (D:1)
  A quokka (D:1)
  A ball python (D:1)
8 creatures vanquished.

Vanquished Creatures (collateral kills)
  A dart slug (D:1)
  A giant cockroach (D:1)
  A goblin (D:1)
  A hobgoblin (D:1)
  A ball python (D:1)
  A bat (D:1)
  3 kobolds (D:1)
  A rat (D:1)
10 creatures vanquished.

Grand Total: 18 creatures vanquished

Notes
Turn   | Place    | Note
-------+----------+-------------------------------------------
     0 | D:1      | croobank the Octopode Summoner began the quest for the Orb.
     0 | D:1      | Reached XP level 1. HP: 11/11 MP: 3/3
    85 | D:1      | Reached XP level 2. HP: 11/17 MP: 1/5
    93 | D:1      | Learned a level 2 spell: Call Imp
   570 | D:1      | Found a faded altar of an unknown god.
   712 | D:1      | Reached XP level 3. HP: 22/22 MP: 3/6
   771 | D:2      | Learned a level 3 spell: Call Canine Familiar
   771 | D:2      | Noticed Sigmund
   782 | D:2      | Mangled by Sigmund

Illustrated notes

Levels and vault maps discovered:
D:1:      ncdulo_halloftheorcs, layout_rooms, basic_ecumenical_altar,
          serial_corexii_hall, chequers_hall_statues_y, corexii_hall_statues_t
D:2:      minmay_chambers_of_twos, layout_basic, uniq_sigmund

Skill      XL: |  1 |
---------------+----+-----
Stealth        | 3 |  3.1
Fighting       | |  0.3
Dodging        | |  2.3
Unarmed Combat | |  0.4
Spellcasting   | |  2.2
Summonings     | |  4.1

Action                   || total
-------------------------++-------
Melee: Unarmed           ||    35
       Constrict         ||    11
       Tentacles         ||     7
 Cast: Summon Small Mamm ||    12
       Call Imp          ||     5
  Use: Potion            ||     1
 Stab: Sleeping          ||     2
Armor: Skin              ||     3
Dodge: Dodged            ||    27
